 Dungeon Crawl Stone Soup version 0.28.0-43-g3370ac3207 (webtiles) character file.

Game seed: 8407839141645195310

407 Descartes the Ruffian (level 6, 0/61 HPs)
             Began as a Troll Warper on Mar 2, 2022.
             Slain by a gnoll
             ... wielding a +0 spear
              (3 damage)
             ... on level 4 of the Dungeon.
             The game lasted 00:02:47 (2818 turns).

Descartes the Ruffian (Troll Warper)                Turns: 2818, Time: 00:02:48

Health: 0/61       AC:  4    Str: 20    XL:     6   Next: 57%
Magic:  6/6        EV:  9    Int: 11    God:
Gold:   105        SH:  0    Dex:  9    Spells: 7/7 levels left

rFire   . . .      SeeInvis .     - Unarmed
rCold   . . .      Faith    .   (no shield)
rNeg    . . .      Spirit   .   a - +0 robe
rPois   .          Reflect  .   (helmet restricted)
rElec   .          Harm     .   (no cloak)
rCorr   .          Rampage  .   (gloves unavailable)
Will    .....                   (boots unavailable)
Stlth   +.........              (no amulet)
HPRegen 1.00/turn               (no ring)
MPRegen 0.10/turn               (no ring)

@: no status effects
A: large, unfitting armour, claws 3, regeneration 1, shaggy fur 1, tough skin 1
a: no special abilities


You were on level 4 of the Dungeon.
You visited 1 branch of the dungeon, and saw 4 of its levels.

You collected 105 gold pieces.

Inventory:

Missiles
 c - 5 boomerangs of dispersal (quivered)
 l - 66 stones
 m - 5 poisoned darts
Armour
 a - a +0 robe (worn)
Scrolls
 b - 2 scrolls of blinking
 d - 5 scrolls of identify {unknown}
 e - a scroll of holy word {unknown}
 f - a scroll of amnesia {unknown}
 g - a scroll of enchant armour {unknown}
 h - a scroll of summoning {unknown}
 k - a scroll of noise {unknown}
 n - a scroll of teleportation {unknown}
Potions
 i - 2 potions of curing {unknown}
 j - a potion of degeneration {unknown}


   Skills:
 + Level 3.5 Fighting
 - Level 0.8 Throwing
 - Level 1.9 Dodging
 + Level 4.3 Unarmed Combat
 - Level 1.2 Spellcasting
 + Level 3.6 Translocations


You had 7 spell levels left.
You didn't know any spells.
Your spell library contained the following spells:

 Spells                   Type           Power      Damage    Failure   Level
 Blink                    Tloc           16%        N/A       11%         2
 Gell's Gravitas          Tloc           8%         N/A       22%         3
 Lesser Beckoning         Tloc           8%         N/A       22%         3
 Teleport Other           Tloc           8%         N/A       22%         3
 Beastly Appendage        Tmut           0%         N/A       32%         1
 Portal Projectile        Hex/Tloc       8%         N/A       41%         3
 Wereblood                Tmut           0%         N/A       43%         2
 Call Canine Familiar     Summ           0%         N/A       67%         3
 Spider Form              Tmut/Pois      0%         N/A       67%         3
 Manifold Assault         Tloc           8%         N/A       89%         5
 Leda's Liquefaction      Hex/Erth       0%         N/A       97%         4


Dungeon Overview and Level Annotations

Branches:
Dungeon (4/15)
 Temple: D:4-7

Altars:
Kikubaaqudgha


Innate Abilities, Weirdness & Mutations

You are too large for most types of armour.
You have claws for hands.
Your natural rate of healing is unusually fast.
You are covered in fur. (AC +1)
You have tough skin. (AC +1)


Message History

You are too injured to fight recklessly!
You are too injured to fight recklessly!
You are too injured to fight recklessly!
You are too injured to fight recklessly!
You are too injured to fight recklessly!
You are too injured to fight recklessly!
You are too injured to fight recklessly!
You are too injured to fight recklessly!
You are too injured to fight recklessly!
You are too injured to fight recklessly!
You are too injured to fight recklessly!
You are too injured to fight recklessly!
Unknown command.
You scratch the gnoll.
The gnoll is lightly wounded.
The gnoll hits you with a +0 spear. The gnoll hits you with a +0 flail.
You claw the gnoll!
The gnoll is severely wounded.
The gnoll barely misses you. x2
You scratch the gnoll.
The gnoll is almost dead.
The gnoll hits you with a +0 spear. The gnoll closely misses you.
You barely miss the gnoll.
The gnoll is almost dead.
The gnoll closely misses you. The gnoll hits you with a +0 flail.
You closely miss the gnoll.
The gnoll is almost dead.
The gnoll closely misses you. The gnoll hits you with a +0 flail!
* * * LOW HITPOINT WARNING * * *
You barely miss the gnoll.
The gnoll is almost dead.
The gnoll hits you with a +0 spear.
* * * LOW HITPOINT WARNING * * *
The gnoll hits you with a +0 flail!
* * * LOW HITPOINT WARNING * * *
Unknown command.
The gnoll hits you with a +0 spear.
* * * LOW HITPOINT WARNING * * *
The gnoll hits you from afar with a +0 spear.
You die...

####### ### ##.....##
#.. ##.8..#..# #.#
#....###.# #.# #.8@.#
#.####### #.# #....+
#.......# #.# #.8gg#
#..####.# #.# #..))#
#..# #.# #.#
##.8..#..## #.# #.#
#.......# #.# #.#
...###..# #.###.#
.........# #.#...#
###############.#####
#.#.###


You could see 2 gnolls.

Vanquished Creatures
  A black bear (D:4)
  A scorpion (D:3)
  A hound (D:2)
  A gnoll shaman (D:4)
  Terence (D:3)
  An orc wizard (D:4)
  A hound skeleton (D:4)
  A gnoll (D:4)
  5 adders
  An adder skeleton (D:4)
  2 worms (D:2)
  3 dart slugs
  7 orcs (D:4)
  7 ball pythons
  3 endoplasms
  4 giant cockroaches
  8 goblins
  3 hobgoblins
  5 kobolds
  2 quokkas
  2 bats (D:2)
  A frilled lizard (D:1)
  2 rats
63 creatures vanquished.

Notes
Turn   | Place    | Note
-------+----------+-------------------------------------------
     0 | D:1      | Descartes the Troll Warper began the quest for the Orb.
     0 | D:1      | Reached XP level 1. HP: 19/19 MP: 1/1
   147 | D:1      | Reached XP level 2. HP: 28/28 MP: 2/2
   953 | D:2      | Reached XP level 3. HP: 25/35 MP: 3/3
  1039 | D:2      | Reached skill level 3 in Unarmed Combat
  1070 | D:2      | Reached XP level 4. HP: 37/44 MP: 4/4
  1740 | D:3      | Noticed a scorpion
  1746 | D:3      | Killed a scorpion
  1747 | D:3      | Reached XP level 5. HP: 32/52 MP: 5/5
  1902 | D:3      | Found an ancient bone altar of Kikubaaqudgha.
  2162 | D:3      | Noticed Terence
  2167 | D:3      | Killed Terence
  2578 | D:4      | Reached skill level 4 in Unarmed Combat
  2578 | D:4      | Reached XP level 6. HP: 61/61 MP: 6/6
  2817 | D:4      | HP: 2/61 [gnoll/+0 spear (3)]
  2818 | D:4      | Slain by a gnoll

Illustrated notes

Levels and vault maps discovered:
D:1:      nicolae_arrival_memento_mori, layout_basic, serial_curves,
          eino_curves_01, eino_curves_02
D:2:      layout_basic, chequers_jeans
D:3:      layout_basic, kennysheep_flooded_box, uniq_terence
D:4:      layout_basic, zin_statuary, patterned_corridor

Skill      XL: |  1  2  3  4  5 |
---------------+----------------+-----
Fighting       | 2 3 |  3.5
Unarmed Combat | 3 4 |  4.3
Translocations | 3 |  3.6
Throwing       | |  0.8
Dodging        | |  1.9
Spellcasting   | |  1.2

Action                   |  1- 3 |  4- 6 || total
-------------------------+-------+-------++-------
Melee: Unarmed           |    55 |   134 ||   189
       Punch             |     3 |     4 ||     7
 Stab: Sleeping          |       |     1 ||     1
Armor: Robe              |    25 |    29 ||    54
Dodge: Dodged            |    28 |    49 ||    77
